Unix NetHack Version 5.0.0-0 post-release - last build May  4 2026 22:22:43 (774f63e81ad911689b3a0859ea89b322d5daca8d,branch:main).

Game began 2026-05-08 06:23:14, ended 2026-05-08 06:44:15.

01246791210, neutral male human Barbarian

                                         -------
                                         |....(|
                   ----------------      |.....|     ----------
                   |..............-#     |......##   |........|
                   |............{.|#     -.----- ##  |........|
                   |..............|#      ###    ####|........|
                   --------|-------#        ##   ##  |.........######
                         ###       #         #   ####|........|  ########
                         #         #   ###########  #.........|     ##  #####
                         #         #####     #       ----------       ------.-
                         #         #         #                        +..<...|
                      ####         #         #                        |......|
                  `#########e@e###%#####     #                        +......|
                  #####          ###############                      -----.--
                     ###               # ----|-|---
                 ----+-|------####   ####.........|
              ###-............########   |........|
                 |...........|           |........|
                 -------------           ----------

01246791210 the Pillager   St:16 Dx:17 Co:18 In:8 Wi:9 Ch:7  Neutral
Dlvl:3  $:102 HP:0(35) Pw:9(9) AC:7  Xp:3 T:3580  Starved 

Latest messages:
 You are frozen by the floating eye's gaze!
 You are beginning to feel hungry.
 It is hit.
 It is hit.
 It is destroyed!
 The dart misses the floating eye.
 You are hit by a dart.
 The dart misses the floating eye.
 You are hit by a dart.
 You hear someone incant MAPIRO MAHAMA DIROMAT.
 Call a scroll labeled MAPIRO MAHAMA DIROMAT: 
 You can move again.
 What do you want to eat? [enp or ?*] p
 It is not so easy to open this tin.
 You succeed in opening the tin.
 It smells like gnomes.
 Eat it? [yn] (n) n
 You discard the open tin.
 What do you want to eat? [en or ?*] e
 This lichen corpse tastes okay.
 You finish eating the lichen corpse.
 In what direction? 6
 Your clumsy kick does no damage.
 You are frozen by the floating eye's gaze!
 You are beginning to feel hungry.
 You can move again.
 What do you want to eat? [n or ?*] n
 Blecch!  Rotten food!
 The world spins and goes dark.
 You are conscious again.
 You miss the floating eye.
 You smite the floating eye.
 You are frozen by the floating eye's gaze!
 You are beginning to feel weak.
 You can move again.
 You smite the floating eye.
 You smite the floating eye.
 You are frozen by the floating eye's gaze!
 You can move again.
 You smite the floating eye.
 You are frozen by the floating eye's gaze!
 You can move again.
 You miss the floating eye.
 You are frozen by the floating eye's gaze!
 You die from starvation.
 Do you want your possessions identified? [ynq] (y) n
 Do you want to see your attributes? [ynq] (y) n
 Do you want an account of creatures vanquished? [ynaq] (y) n
 Do you want to see your conduct and achievements? [ynq] (y) n
 Do you want to see the dungeon overview? [ynq] (y) n

Inventory:
 Coins    ('$')
  $ - 102 gold pieces
 Weapons  (')')
  h - 10 +0 shuriken
  b - a +0 short sword (alternate weapon; not wielded)
 Armor    ('[')
  i - a cursed +0 orcish helm
  c - an uncursed +0 ring mail (being worn)
 Comestibles  ('%')
  n - an uncursed partly eaten food ration
 Scrolls  ('?')
  k - an uncursed scroll of identify
  q - an uncursed scroll of remove curse
 Potions  ('!')
  g - an uncursed potion of object detection
 Rings    ('=')
  l - a cursed ring of polymorph
 Tools    ('(')
  f - an uncursed locked large box containing 1 item

Contents of the large box:
  2 uncursed potions of gain energy

01246791210 the Barbarian's attributes:

Background:
 You were a Pillager, a level 3 male human Barbarian.
 You were neutral, nominally on a mission for Crom
 who was opposed by Mitra (lawful) and Set (chaotic).
 You were right-handed.
 You were in the Dungeons of Doom, on level 3.
 You entered the dungeon 3580 turns ago.
 You had 77 experience points, 3 more were needed to attain level 4.

Basics:
 You had 0 out of 35 hit points.
 You had all 9 energy points (spell power).
 Your armor class was 7.
 Your wallet contained 102 zorkmids.
 Autopickup was off.

Final Characteristics:
 Your strength was 16 (base:17, limit:18/100).
 Your dexterity was 17 (limit:18).
 Your constitution was 18 (limit:18).
 Your intelligence was 8 (limit:18).
 Your wisdom was 9 (limit:18).
 Your charisma was 7 (limit:18).

Final Status:
 You were starved.
 You were unencumbered.
 You were bare handed.
 You had basic skill with bare handed combat.

Final Attributes:
 You were devoutly aligned.
 You were poison resistant.
 You were warded.
 You are dead.

Miscellaneous:
 You didn't encounter any bones levels.
 Total elapsed playing time was 20 minutes and 59 seconds.

Major events:
 Turn
    1: 01246791210 the neutral male human Barbarian entered the dungeon
 1254: attained the rank of Pillager (level 3)
 3580: died of starvation, while frozen by a floating eye's gaze

You didn't know any spells.

Skills:
 Fighting Skills
   bare handed combat [Basic]
   two weapon combat  [Unskilled]
   riding             [Unskilled]
 Weapon Skills
   dagger             [Unskilled]
   axe                [Basic]
   pick-axe           [Unskilled]
   short sword        [Basic]
   broadsword         [Unskilled]
   long sword         [Unskilled]
   two-handed sword   [Unskilled]
   saber              [Unskilled]
   club               [Unskilled]
   mace               [Unskilled]
   morning star       [Unskilled]
   flail              [Unskilled]
   hammer             [Unskilled]
   quarterstaff       [Unskilled]
   spear              [Unskilled]
   trident            [Unskilled]
   bow                [Unskilled]
 Spellcasting Skills
   attack spells      [Unskilled]
   escape spells      [Unskilled]

Voluntary challenges:
 Character rerolling was not enabled.
 You were an atheist.
 You were illiterate.
 You never genocided any monsters.
 You never polymorphed an object.
 You never changed form.
 You used no wishes.
Achievements:
 You entered a shop.
 You attained the rank of Pillager.

 The Dungeons of Doom: levels 1 to 3
    Level 1:
       A grave.
    Level 2:
       A general store, a fountain.
    Level 3: <- You were here.
       A fountain.
       Final resting place for
          you, died of starvation, while frozen by a floating eye's gaze.


Vanquished creatures:
  a homunculus
  a werejackal
 an iguana
  2 giant rats
  a yellow mold
  a red mold
  a gecko
  7 jackals
  2 kobolds
  2 goblins
  5 sewer rats
  3 grid bugs
  a bat
  5 lichens
  a kobold zombie
  9 newts
43 creatures vanquished.

No species were genocided or became extinct.

Game over:
                       ----------
                      /          \
                     /    REST    \
                    /      IN      \
                   /     PEACE      \
                  /                  \
                  |   01246791210    |
                  |      102 Au      |
                  |     died of      |
                  |    starvation    |
                  |                  |
                  |                  |
                  |       2026       |
                 *|     *  *  *      | *
        _________)/\\_//(\/(/\)/\//\/|_)_______

Goodbye 01246791210 the Barbarian...

You starved in The Dungeons of Doom on dungeon level 3 with 500 points,
and 102 pieces of gold, after 3580 moves.
You were level 3 with a maximum of 35 hit points when you starved.

